AoeStats
← Aklsuz

Black Forest

506448981Analyzed
4v4 RM · 18d ago on Sep 13, 2026· 33m 22s· 8 players
Game mode
Random Map
Map size
Large (8 player)
Population
200
Speed
Normal
Resources
Standard
Victory
Conquest
Starting age
Dark Age
Ending age
Imperial Age
RankedLock teamsTeams togetherTeam positionsShared explorationLock speedFull tech treeHidden civsTurbo modeCheats
Victory
Defeat
🇫🇷 Romans · France
1417
+14
🇧🇷 Persians · Brazil
1389
+15
🇫🇮 Dravidians · Finland
1376
+16
🇺🇸 Bohemians · United States
1359
+17
🇨🇳 Mongols · China
1409
-16
🇻🇳 Mongols · Vietnam
1403
-17
🇵🇱 Spanish · Poland
1350
-15
🇺🇸 Franks · United States
1347
-14
|TheCore| MADKILLER!!!
0:50 Loom
13:06 Feudal Age
14:34 Double-Bit Axe
16:51 Castle Age
15:07 Fishing Lines
18:16 Bow Saw
18:15 Gillnets
20:22 Horse Collar
21:59 Fervor
22:05 Town Watch
23:27 Wheelbarrow
24:39 Heavy Plow
25:59 Hand Cart
30:46 Imperial Age
30:16 Chemistry
28:57 Treadmill Crane
29:27 Masonry
29:57 Wagenburg Tactics
30:07 Scale Mail Armor
30:17 Forging
29:58 Fletching
30:18 Murder Holes
30:50 Houfnice
31:41 Squires
31:26 Arson
31:21 Pikeman
32:21 Chain Mail Armor
32:43 Siege Engineers
33:29 Bodkin Arrow
34:05 Plate Mail Armor
34:10 Iron Casting
Lil Fabrice
0:40 Loom
9:06 Feudal Age
9:22 Man-at-Arms
13:57 Scale Mail Armor
16:49 Double-Bit Axe
16:46 Horse Collar
19:23 Forging
21:23 Wheelbarrow
24:47 Castle Age
22:51 Gold Mining
25:01 Long Swordsman
25:42 Squires
25:58 Chain Mail Armor
29:56 Iron Casting
29:47 Hand Cart
32:46 Pikeman
7777777
11:09 Feudal Age
16:18 Castle Age
14:03 Fishing Lines
14:42 Double-Bit Axe
14:39 Horse Collar
17:21 Bow Saw
17:38 Heavy Plow
20:50 Gillnets
21:48 Gold Mining
21:52 Stone Mining
25:02 Wheelbarrow
24:13 Loom
29:19 Imperial Age
27:05 Fletching
27:16 Padded Archer Armor
27:22 Scale Barding Armor
28:33 Masonry
28:44 Ballistics
28:56 Bodkin Arrow
29:17 Leather Archer Armor
29:21 Hand Cart
28:51 Town Watch
31:02 Two-Man Saw
30:06 Bracer
30:27 Chain Barding Armor
31:25 Conscription
31:12 Medical Corps
31:49 Thumb Ring
31:23 Elite Elephant Archer
33:44 Ring Archer Armor
TmZ_Mosquito Sedutor
11:16 Feudal Age
11:58 Fishing Lines
12:07 Double-Bit Axe
13:48 Loom
20:40 Castle Age
19:38 Bloodlines
19:49 Gold Mining
20:55 Scale Barding Armor
21:40 Wheelbarrow
22:05 Husbandry
23:03 Chain Barding Armor
24:54 Gillnets
27:14 Hand Cart
27:28 Forging
29:01 Gold Shaft Mining
28:09 Horse Collar
28:45 Bow Saw
29:43 Iron Casting
28:55 Town Watch
29:15 Heavy Plow
36:20 Imperial Age
yugiohcards7039
5:10 Loom
11:56 Feudal Age
13:25 Double-Bit Axe
16:47 Castle Age
17:49 Bow Saw
18:18 Wheelbarrow
19:36 Fishing Lines
21:47 Gillnets
22:43 Hand Cart
25:02 Gold Mining
26:50 Gold Shaft Mining
26:47 Stone Mining
30:39 Imperial Age
28:35 Scale Barding Armor
28:41 Forging
29:52 Chain Barding Armor
29:53 Husbandry
31:08 Iron Casting
30:55 Cavalier
32:17 Chivalry
34:06 Blast Furnace
Aklsuz
0:38 Loom
10:34 Feudal Age
16:26 Castle Age
15:01 Double-Bit Axe
15:36 Horse Collar
19:30 Bow Saw
21:57 Heavy Plow
25:07 Bloodlines
27:01 Scale Barding Armor
27:06 Forging
28:03 Gold Mining
29:10 Chain Barding Armor
29:00 Forging
29:49 Husbandry
33:11 Forging
35:33 Imperial Age
33:04 Stone Mining
33:11 Pikeman
33:51 Squires
shogun
9:41 Loom
11:53 Feudal Age
13:13 Wheelbarrow
12:32 Horse Collar
12:47 Double-Bit Axe
17:36 Castle Age
15:52 Stone Mining
16:44 Gold Mining
18:45 Bow Saw
18:37 Heavy Plow
20:32 Stone Shaft Mining
19:49 Town Watch
20:42 Fervor
23:23 Hand Cart
29:59 Imperial Age
28:14 Fletching
28:24 Padded Archer Armor
29:37 Bloodlines
30:09 Bodkin Arrow
30:30 Leather Archer Armor
32:18 Chemistry
31:38 Ballistics
32:30 Conscription
33:13 Leather Archer Armor
hoot
1:52 Loom
10:11 Feudal Age
10:25 Man-at-Arms
19:56 Fletching
20:50 Double-Bit Axe
21:24 Fishing Lines
28:33 Castle Age
28:40 Crossbowman
30:11 Bodkin Arrow
31:17 Gillnets
31:39 Bow Saw
31:09 Horse Collar
Connection lost

Rejoining the realm…

Still unreachable

The connection could not be restored.

Session expired

The server has moved on; the page needs a fresh start.